 Dungeon Crawl Stone Soup version 0.24.0-37-gcf1ca852f1 (webtiles) character file.

Game seed: 4345731781954041199, levelgen mode: deterministic

193 Mrkan the Ruffian (level 5, -2/40 HPs)
             Began as a Draconian Transmuter on Nov 26, 2019.
             Was an Initiate of Dithmenos.
             Slain by an iguana (10 damage)
             ... on level 3 of the Dungeon.
             The game lasted 00:07:01 (3533 turns).

Mrkan the Ruffian (Draconian Transmuter)            Turns: 3533, Time: 00:07:02

Health: -2/40      AC:  5    Str: 13    XL:     5   Next: 44%
Magic:  8/8        EV: 12    Int: 14    God:    Dithmenos [......]
Gold:   151        SH:  6    Dex: 11    Spells: 7/8 levels left

rFire    . . .     SeeInvis .     - Unarmed
rCold    . . .     Gourm    .   g - +2 buckler
rNeg     . . .     Faith    .   (armour unavailable)
rPois    .         Spirit   .   (helmet restricted)
rElec    .         Reflect  .   (no cloak)
rCorr    .         Harm     .   (no gloves)
MR       .....                  (no boots)
Stlth    +.........             (no amulet)
HPRegen  0.13/turn              (no ring)
MPRegen  0.11/turn              (no ring)

@: no status effects
A: unfitting armour, cold-blooded, AC +5
a: Renounce Religion


You were on level 3 of the Dungeon.
You worshipped Dithmenos.
Dithmenos was noncommittal.
You were not hungry.

You visited 1 branch of the dungeon, and saw 4 of its levels.

You collected 151 gold pieces.

Inventory:

Missiles
 a - 25 arrows
Armour
 g - a +2 buckler (worn)
Jewellery
 h - an uncursed amulet of rage {unknown}
Scrolls
 b - a scroll of noise {unknown}
 d - a scroll of remove curse {unknown}
 e - 7 scrolls of identify {unknown}
 f - 6 scrolls of teleportation {unknown}
 n - a scroll of magic mapping {unknown}
 o - a scroll of enchant armour {unknown}
 q - a scroll of fog {unknown}
Potions
 i - 4 potions of lignification {unknown}
 j - a potion of berserk rage {unknown}
 k - 2 potions of haste {unknown}
 l - a potion of agility {unknown}
 m - a potion of flight {unknown}
 p - a potion of degeneration {unknown}
Comestibles
 c - 5 rations
 r - 2 chunks of flesh


   Skills:
 - Level 1.6 Fighting
 - Level 2.0 Dodging
 * Level 2.9 Shields
 + Level 4.5 Unarmed Combat
 - Level 2.0 Spellcasting
 + Level 2.9 Transmutations


You had 7 spell levels left.
You knew the following spells:

 Your Spells              Type           Power        Failure   Level  Hunger
a - Beastly Appendage     Tmut           #.....       9%          1    ##.....

Your spell library contained the following spells:

 Spells                   Type           Power        Failure   Level  Hunger
 Sticks to Snakes         Tmut           #.......     12%         2    ###....
 Spider Form              Tmut/Pois      #.........   41%         3    ####...
 Ice Form                 Ice/Tmut       #.......     83%         4    #####..
 Blade Hands              Tmut           #.........   92%         5    ######.


Dungeon Overview and Level Annotations

Branches:
Dungeon (4/15)
 Temple: D:4-7

Altars:
Cheibriados
Dithmenos
Elyvilon
Gozag
Makhleb
Wu Jian
Xom
Yredelemnul


Innate Abilities, Weirdness & Mutations

Your plain brown scales are hard. (AC +5)
You cannot fit into any form of body armour.
You are cold-blooded and may be slowed by cold attacks.


Message History

You closely miss the orc. You claw the orc, but do no damage.
The orc is almost dead.
The orc barely misses you.
You hit the orc.
You kill the orc!
Dithmenos accepts your kill.
You hit the iguana.
The iguana is moderately wounded.
The iguana barely misses you.
You hit the iguana. You claw the iguana.
You tail-slap the iguana, but do no damage.
The iguana is severely wounded.
You hit the iguana.
The iguana is almost dead.
Your talons disappear.
The iguana closely misses you.
You barely miss the iguana.
The iguana is almost dead.
The iguana bites you!
You die...

#..###### #.......####.#
#....#######......).>..#
...................########
...#.#######..............#
##...##### #..............#
.##..#...###.......#......#
.....#.......##..####.....#
.##..#...#####...# #.....#
...#.......###.#@# #.....#
............รท..#l# ##.####
.#.##.)...#.####.#####.####
.#.##.....#...............##
.#.##.....<###.............##
.#.(..###.....).............#
.#....# ##..................#
.....#####...##.............#
........>...###............##


You could see an iguana.

Vanquished Creatures
  A howler monkey (D:3)
  6 adders
  A worm (D:3)
  2 dart slugs (D:1)
  6 orcs
  6 bats
  4 giant cockroaches
  15 hobgoblins
  10 jackals (D:3)
  A ball python (D:2)
  8 frilled lizards
  10 goblins
  4 kobolds
  13 rats
87 creatures vanquished.

Vanquished Creatures (others)
  A frilled lizard (D:2)
  A rat (D:2)
2 creatures vanquished.

Grand Total: 89 creatures vanquished

Notes
Turn   | Place    | Note
-------+----------+-------------------------------------------
     0 | D:1      | Mrkan the Draconian Transmuter began the quest for the Orb.
     0 | D:1      | Reached XP level 1. HP: 16/16 MP: 3/3
   191 | D:1      | Reached XP level 2. HP: 22/23 MP: 3/5
   759 | D:2      | Found a white marble altar of Elyvilon.
   782 | D:2      | Reached XP level 3. HP: 28/28 MP: 6/6
   799 | D:2      | Reached skill level 1 in Shields
  1749 | D:2      | Reached XP level 4. HP: 12/35 MP: 7/7
  2445 | D:3      | Reached skill level 4 in Unarmed Combat
  2589 | D:3      | Reached XP level 5. HP: 14/40 MP: 6/8
  3089 | D:3      | Found an ornate altar of the Wu Jian Council.
  3095 | D:3      | Found a basalt altar of Yredelemnul.
  3096 | D:3      | Found a burning altar of Makhleb.
  3096 | D:3      | Found a shadowy altar of Dithmenos.
  3103 | D:3      | Found an opulent altar of Gozag.
  3105 | D:3      | Found a snail-covered altar of Cheibriados.
  3106 | D:3      | Found a shimmering altar of Xom.
  3129 | D:3      | Became a worshipper of Dithmenos the Shadowed
  3533 | D:3      | Slain by an iguana

Levels and vault maps discovered:
D:1:      zaba_arrival_water, layout_loops_ring, kennysheep_doodads,
          serial_bayou_lake_a
D:2:      layout_loops_cross, elyvilon_altar_4, guppyfry_early_orc_mine
D:3:      layout_rooms, minitemple, first_ration
D:4:      layout_basic, lemuel_zombie_altar_kikubaaqudgha, serial_rivers,
          chequers_serial_rivers_large_a, chequers_serial_rivers_large_b,
          chequers_serial_rivers_marsh, chequers_serial_rivers_micro_a,
          chequers_serial_rivers_micro_c

Skill      XL: |  1  2  3  4 |
---------------+-------------+-----
Dodging        | 2 |  2.0
Shields        | 1 2 |  2.9
Unarmed Combat | 4 |  4.5
Fighting       | |  1.6
Spellcasting   | |  2.0
Transmutations | |  2.9

Action                   |  1- 3 |  4- 6 || total
-------------------------+-------+-------++-------
Melee: Unarmed           |   192 |   144 ||   336
       Tailslap          |    17 |    15 ||    32
       Kick              |    10 |     8 ||    18
       Headbutt          |     1 |     7 ||     8
 Cast: Beastly Appendage |     7 |    15 ||    22
 Stab: Sleeping          |     1 |       ||     1
  Eat: Chunk             |     3 |     6 ||     9
Armor: Skin              |    45 |    29 ||    74
Dodge: Dodged            |    92 |    79 ||   171
Block: Buckler           |    38 |    42 ||    80
